 Dungeon Crawl Stone Soup version 0.18-a0-824-g47fe746 (webtiles) character file.

1367 JokEr the Insei (level 8, -19/68 HPs)
             Began as an Octopode Transmuter on Dec 17, 2015.
             Was a Follower of Cheibriados.
             Killed from afar by Pikel (28 damage)
             ... with a wand of fire
             ... on level 6 of the Dungeon.
             The game lasted 00:11:51 (7214 turns).

JokEr the Insei (Octopode Transmuter)               Turns: 7214, Time: 00:11:52

Health: -19/68     AC:  6    Str: 13    XL:     8   Next: 65%
Magic:  8/11       EV: 13    Int: 24    God:    Cheibriados [*.....]
Gold:   306        SH:  0    Dex: 15    Spells: 3 memorised, 1 level left

rFire  x . .     SeeInvis .       - Unarmed
rCold  + + +     Gourm    .     (shield currently unavailable)
rNeg   . . .     Faith    .     (helmet currently unavailable)
rPois  +         Spirit   .     (no amulet)
rElec  .         Dismiss  .     k - +3 ring of slaying
rCorr  .         Reflect  .     n - +4 ring of intelligence
SustAt .         Harm     .     q - +3 ring of evasion
MR     .....                    (no ring)
Stlth  +.........               (no ring)
                                (no ring)
                                (no ring)
                                (no ring)

@: ice-form, very slow, not resistant to hostile enchantments, very unstealthy
A: almost no armour, amphibious, 8 rings, (constrict 8), (camouflage 0),
(gelatinous body 0)
a: End Transformation, Bend Time, Renounce Religion


You were on level 6 of the Dungeon.
You worshipped Cheibriados.
Cheibriados was aware of your devotion.
You were hungry.
You were a creature of crystalline ice.
You visited 2 branches of the dungeon, and saw 7 of its levels.

You collected 306 gold pieces.

Inventory:

Missiles
 a - 85 arrows
Jewellery
 k - a +3 ring of slaying (left front paw)
 n - a +4 ring of intelligence (right front paw)
 q - a +3 ring of evasion (on tentacle)
 t - a cursed ring of teleportation {unknown}
Wands
 h - a wand of fire (10)
 o - a wand of flame (31)
Scrolls
 f - 2 scrolls of enchant weapon
 i - 2 scrolls of remove curse
 m - a scroll of amnesia {unknown}
 u - a scroll of magic mapping {unknown}
Potions
 d - a potion of invisibility {unknown}
 e - a potion of lignification {unknown}
 g - a potion of brilliance {unknown}
 j - a potion of berserk rage {unknown}
 l - a potion of curing
 r - a potion of ambrosia {unknown}
Books
 b - a book of Changes

   Spells                             Type                      Level
   a - Beastly Appendage              Transmutation                1
   b - Sticks to Snakes               Transmutation                2
   c - Spider Form                    Transmutation/Poison         3
   d - Ice Form                       Ice/Transmutation            4
   e - Blade Hands                    Transmutation                5
Comestibles
 c - 3 bread rations
 p - 2 meat rations
 s - a slice of pizza


   Skills:
 + Level 5.9 Fighting
 - Level 2.0 Dodging
 + Level 6.6 Unarmed Combat
 - Level 2.0 Spellcasting
 - Level 3.2 Transmutations
 + Level 5.2 Ice Magic


You had one spell level left.
You knew the following spells:

 Your Spells              Type           Power        Failure   Level  Hunger
a - Beastly Appendage     Trmt           ###...       3%          1    #......
b - Ice Form              Ice/Trmt       ###.....     24%         4    #####..
c - Blade Hands           Trmt           ###.......   87%         5    ######.


Dungeon Overview and Level Annotations

Branches:
Dungeon (6/15)             Temple (1/1) D:4

Altars:
Cheibriados
Fedhas
Gozag
Kikubaaqudgha
Makhleb
Nemelex Xobeh
Okawaru
Pakellas
Qazlal
Ru
Sif Muna
Vehumet
Yredelemnul
Zin

Shops:
D:4 :

Annotations:
D:6 Pikel


Innate Abilities, Weirdness & Mutations

You cannot wear most types of armour.
You are amphibious.
You can wear up to eight rings at the same time.
((You can use your tentacles to constrict eight enemies at once.))
((Your skin changes colour to match your surroundings (Stealth).))
((Your rubbery body absorbs attacks (AC +1).))


Message History

Pikel zaps a wand.
The bolt of fire misses you.
You hit Pikel but do no damage. The slave misses you.
Pikel hits you with a whip of freezing.
You punch Pikel! You freeze Pikel.
Pikel is moderately wounded.
The slave barely misses you. The hound misses you.
You hit Pikel. You freeze Pikel.
Pikel is moderately wounded.
Pikel zaps a wand.
The bolt of fire hits you! The fire burns you terribly!
* * * LOW HITPOINT WARNING * * *
The hound bites you.
* * * LOW HITPOINT WARNING * * *
The slave hits you.
* * * LOW HITPOINT WARNING * * *
Read which item? (? for menu, Esc to quit)
Okay, then.
Drink which item? (? for menu, Esc to quit)
You feel better. The hound closely misses you.
Pikel zaps a wand.
The bolt of fire hits you! The fire burns you terribly!
You die...

###..### #..
###..### #..#
##...## #..#
###..####..
##...#.# ## ###...+
##..## ##..#+#
#.....####...###...
........##Yh....#
.........Kp.###....
p........pp## ###
...........#
...........#
...........#
...........#
...........#
...........#


You could see Pikel, 3 slaves and a hound.

Vanquished Creatures
  A wyvern (D:5)
  An ice beast (D:5)
  A slave (D:6)
  2 ogres
  The ghost of tof the Ruffian, an amateur MiMo of Cheibriados (D:5)
  A sky beast (D:5)
  A centaur zombie (D:6)
  A hound (D:4)
  3 orc priests
  4 orc wizards
  5 crimson imps
  A centaur skeleton (D:4)
  2 worker ants (D:4)
  2 iguanas
  A hound skeleton (D:4)
  3 gnolls (D:6)
  6 adders
  An adder zombie (D:5)
  2 worms (D:3)
  An adder skeleton (D:4)
  2 giant geckos
  13 orcs
  7 bats
  9 giant cockroaches
  7 hobgoblins
  8 jackals
  7 kobolds
  3 quokkas
  A giant cockroach zombie (D:5)
  7 giant newts
  6 goblins
  6 rats
116 creatures vanquished.

Notes
Turn   | Place    | Note
--------------------------------------------------------------
     0 | D:1      | JokEr the Octopode Transmuter began the quest for the Orb.
     0 | D:1      | Reached XP level 1. HP: 13/13 MP: 3/3
   250 | D:1      | Reached XP level 2. HP: 16/18 MP: 3/5
   579 | D:1      | You fall through a shaft!
   677 | D:1      | Reached XP level 3. HP: 22/24 MP: 6/6
  1322 | D:2      | Found an opulent altar of Gozag.
  2039 | D:3      | Reached XP level 4. HP: 29/29 MP: 5/7
  2042 | D:3      | Found a stormy altar of Qazlal.
  2572 | D:3      | Reached skill level 4 in Unarmed Combat
  2743 | D:3      | Reached XP level 5. HP: 32/36 MP: 6/8
  2789 | D:3      | Learned a level 4 spell: Ice Form
  2952 | D:3      | Reached skill level 1 in Ice Magic
  3146 | D:3      | Reached XP level 6. HP: 29/42 MP: 9/9
  3347 | D:3      | Found a faded altar to an unknown god.
  3551 | D:3      | Noticed a water elemental
  3552 | D:3      | Noticed an air elemental
  3552 | D:3      | Noticed a fire elemental
  3835 | D:4      | Found Birien's Book Emporium.
  4376 | D:4      | Reached skill level 5 in Unarmed Combat
  4376 | D:4      | Reached XP level 7. HP: 48/48 MP: 8/10
  4452 | D:4      | Found a radiant altar of Vehumet.
  4475 | D:4      | Found a staircase to the Ecumenical Temple.
  4497 | Temple   | Entered the Ecumenical Temple
  4561 | Temple   | Became a worshipper of Cheibriados the Contemplative
  4957 | D:5      | Entered Level 5 of the Dungeon
  4957 | D:5      | Noticed tof's ghost (amateur MiMo)
  4969 | D:5      | Killed tof's ghost
  5390 | D:5      | Noticed a wyvern
  5398 | D:5      | Killed a wyvern
  5398 | D:5      | Reached skill level 5 in Fighting
  5398 | D:5      | Reached XP level 8. HP: 36/55 MP: 6/11
  5610 | D:5      | Reached skill level 6 in Unarmed Combat
  6022 | D:5      | Reached * piety under Cheibriados
  6449 | D:5      | Learned a level 5 spell: Blade Hands
  6479 | D:6      | Reached skill level 5 in Ice Magic
  7060 | D:6      | Found a sparkling altar of Nemelex Xobeh.
  7187 | D:6      | Noticed Pikel
  7213 | D:6      | HP: 2/68 [slave[Pikel] (2)]
  7214 | D:6      | Killed from afar by Pikel

Vault maps used:
D:1:      dpeg_arrival_arbitrary_a
D:2:      kennysheep_six_static_rooms, first_bread, grunt_gozag_statues
D:3:      ecumenical_altar_2, grunt_ministairs_2,
          nicolae_qazlal_style_of_elements
D:4:      vehumet_altar_wand_db, minmay_temple_entry_trees, serial_shops, shop,
          minmay_misc_feat_five, minmay_small_thing
D:5:      serial_park_tiny_pond, minmay_misc_feat_rugged
D:6:      nemelex_xobeh_ov_fountains_minmay, kennysheep_mini,
          hangedman_decor_points, uniq_pikel
Temple:   circular_temple_12

Action                   |  1- 3 |  4- 6 |  7- 9 || total
-------------------------+-------+-------+-------++-------
Melee: Unarmed           |    92 |   114 |    86 ||   292
 Cast: Beastly Appendage |     8 |    14 |    14 ||    36
       Ice Form          |       |       |     7 ||     7
  Use: Scroll            |     5 |     1 |     5 ||    11
       Potion            |       |       |     1 ||     1
 Stab: Sleeping          |    10 |     5 |     2 ||    17
  Eat: Chunk             |     3 |     4 |     4 ||    11
       Bread ration      |       |     1 |     1 ||     2
